 Dungeon Crawl Stone Soup version 0.20.1-1-g8b1a95d66d (webtiles) character file.

2020 JayJay1191 the Cleaver (level 9, -4/81 HPs)
             Began as a Hill Orc Berserker on Dec 1, 2017.
             Was an Elder of Trog.
             Slain by a thrashing horror (5 damage)
             ... on level 2 of the Abyss on Dec 3, 2017.
             The game lasted 02:10:57 (4697 turns).

JayJay1191 the Cleaver (Hill Orc Berserker)         Turns: 4697, Time: 02:10:58

Health: -4/81      AC:  7    Str: 22    XL:     9   Next: 23%
Magic:  3/3        EV: 11    Int:  7    God:    Trog [****..]
Gold:   369        SH:  8    Dex: 11    Spells: 8/8 levels left

rFire    + . .     SeeInvis +   f - +2 war axe (antimagic)
rCold    x . .     Gourm    .   a - +0 buckler
rNeg     . . .     Faith    .   x - +0 ring mail {rPois}
rPois    +         Spirit   .   (no helmet)
rElec    .         Reflect  +   (no cloak)
rCorr    .         Harm     .   (no gloves)
MR       .....                  p - +0 pair of boots
Stlth    +.........             B - +4 amulet of reflection
Regen    0.3/turn               h - ring of fire
MPRegen  0.1/turn               C - ring of see invisible

@: no status effects
A: no striking features
a: Berserk, Trog's Hand, Brothers in Arms, Burn Spellbooks, Renounce Religion


You were on level 2 of the Abyss.
You worshipped Trog.
Trog was greatly pleased with you.
You were not hungry.

You visited 2 branches of the dungeon, and saw 8 of its levels.
You visited the Abyss 1 time.

You collected 369 gold pieces.

Inventory:

Hand Weapons
 e - a +0 war axe
 f - a +2 antimagic war axe (weapon)
 k - a +2 hand axe of freezing
 F - a +2 mace of distortion
Missiles
 m - 166 stones (quivered)
 q - 2 throwing nets
Armour
 a - a +0 buckler (worn)
 p - a +0 pair of boots (worn)
 r - a +2 leather armour of fire resistance
 x - a +0 ring mail of poison resistance (worn)
Jewellery
 h - a ring of fire (left hand)
 y - an uncursed ring of flight
 B - a +4 amulet of reflection (around neck)
 C - a ring of see invisible (right hand)
 D - the ring of Generosity {rC+ MR- AC-4 Dex+3}
   (You found it on level 6 of the Dungeon)

   [ring of protection]

   It affects your AC (-4).
   It affects your dexterity (+3).
   It protects you from cold.
   It affects your resistance to hostile enchantments.
Scrolls
 g - a scroll of identify
 i - a scroll of enchant weapon
 n - 2 scrolls of remove curse
 s - 3 scrolls of teleportation {unknown}
 u - a scroll of vulnerability {unknown}
 G - a scroll of enchant armour
Potions
 b - a potion of flight
 j - a potion of agility
 o - a potion of might
 t - a potion of curing
 v - a potion of mutation
 w - a potion of invisibility
 A - a potion of lignification
 E - a potion of brilliance {unknown}
Comestibles
 c - 2 bread rations
 d - a meat ration
 l - 2 fruits
 z - a royal jelly


   Skills:
 - Level 8.0 Fighting
 + Level 11.8 Axes
 - Level 4.1 Armour
 - Level 1.5 Dodging
 - Level 4.2 Shields


You had 8 spell levels left.
You didn't know any spells.

Dungeon Overview and Level Annotations

Branches:
Dungeon (7/15)             Temple (1/1) D:5

Altars:
Ashenzari
Cheibriados
Dithmenos
Fedhas
Gozag
Kikubaaqudgha
Makhleb
Nemelex Xobeh
Okawaru
Qazlal
Trog
Uskayaw
Vehumet
Xom
Zin
The Shining One


Message History

The thrashing horror tramples you but does no damage.
The thrashing horror tramples you.
* * * LOW HITPOINT WARNING * * *
You hold your ground!
The thrashing horror tramples you.
* * * LOW HITPOINT WARNING * * *
You hold your ground!
The thrashing horror roars!
The thrashing horror tramples you but does no damage.
The thrashing horror tramples you.
* * * LOW HITPOINT WARNING * * *
You hold your ground!
The thrashing horror roars!
The thrashing horror tramples you!
* * * LOW HITPOINT WARNING * * *
You hold your ground!
The thrashing horror tramples you.
* * * LOW HITPOINT WARNING * * *
You hold your ground!
The thrashing horror misses you.
The thrashing horror tramples you but does no damage.
The thrashing horror tramples you.
You die...

.# .# .#
#..# . .##
#.# #
#.##.#
#.@..#
#.X###...#
# #.# ..#
...# #
##.. .#.#
. ## # . #
. #.## .
.. #


You could see a thrashing horror.

Vanquished Creatures
  A thrashing horror (Abyss:2)
  Sigmund (D:4)
  Eustachio (D:4)
  The ghost of dracomuter the Ruffian, an amateur DrTm of Makhleb (D:3)
  2 ogres
  A big kobold (D:5)
  A bullfrog (D:6)
  4 wights
  2 howler monkeys
  3 crimson imps (D:5)
  2 orc priests
  3 hounds
  An orc wizard (D:6)
  A bullfrog skeleton (D:6)
  A gnoll (D:2)
  7 adders
  4 oozes
  An adder skeleton (D:5)
  An adder zombie (D:5)
  5 worms
  A dart slug (D:2)
  5 leopard geckos
  13 orcs
  7 bats
  5 giant cockroaches
  5 goblins
  10 hobgoblins
  3 jackals (D:2)
  2 quokkas
  2 ball pythons (D:2)
  7 frilled lizards
  A giant cockroach zombie (D:6)
  10 kobolds
  A leopard gecko zombie (D:5)
  A quokka skeleton (D:5)
  7 rats
123 creatures vanquished.

Vanquished Creatures (others)
  The ghost of monokles the Ducker, a novice DsWn (D:7)
  A plant (D:5)
2 creatures vanquished.

Grand Total: 125 creatures vanquished

Notes
Turn   | Place    | Note
-------+----------+-------------------------------------------
     0 | D:1      | JayJay1191 the Hill Orc Berserker began the quest for the Orb.
     0 | D:1      | Reached XP level 1. HP: 19/19 MP: 1/1
   208 | D:1      | Reached XP level 2. HP: 24/27 MP: 2/2
   342 | D:1      | Reached skill level 5 in Axes
   590 | D:1      | Reached XP level 3. HP: 30/33 MP: 3/3
  1154 | D:2      | Reached skill level 6 in Axes
  1255 | D:2      | Found a hide-covered altar of Uskayaw.
  1281 | D:2      | Reached ** piety under Trog
  1281 | D:2      | Reached XP level 4. HP: 40/40 MP: 4/4
  1781 | D:2      | Reached skill level 5 in Fighting
  1998 | D:3      | Noticed dracomuter's ghost (amateur DrTm)
  1998 | D:3      | Reached XP level 5. HP: 48/48 MP: 5/5
  2007 | D:3      | Killed dracomuter's ghost
  2509 | D:3      | Found a bloodstained altar of Trog.
  2704 | D:4      | Found an ancient bone altar of Kikubaaqudgha.
  2713 | D:4      | Reached XP level 6. HP: 58/58 MP: 6/6
  2996 | D:4      | Noticed Eustachio
  3007 | D:4      | Killed Eustachio
  3007 | D:4      | Reached *** piety under Trog
  3073 | D:4      | Reached skill level 1 in Shields
  3126 | D:4      | Noticed Sigmund
  3133 | D:4      | Killed Sigmund
  3133 | D:4      | Reached XP level 7. HP: 67/67 MP: 7/7
  3229 | D:5      | Entered Level 5 of the Dungeon
  3229 | D:5      | Found a glowing silver altar of Zin.
  3250 | D:5      | Found a stormy altar of Qazlal.
  3285 | D:5      | Found a staircase to the Ecumenical Temple.
  3668 | D:5      | Reached XP level 8. HP: 65/74 MP: 8/8
  3753 | Temple   | Entered the Ecumenical Temple
  3856 | D:5      | Reached skill level 7 in Axes
  3893 | D:5      | Reached **** piety under Trog
  3944 | D:5      | Reached skill level 8 in Axes
  4208 | D:6      | Reached skill level 9 in Axes
  4258 | D:6      | Got a fine pewter ring
  4283 | D:6      | Identified the cursed ring of Generosity {rC+ MR- AC-4 Dex+3} (You found it on level 6 of the Dungeon)
  4492 | D:7      | Killed monokles's ghost
  4548 | D:7      | Cast into level 2 of the Abyss (a distortion unwield)
  4631 | Abyss:2  | Noticed a thrashing horror
  4640 | Abyss:2  | Killed a thrashing horror
  4640 | Abyss:2  | Reached skill level 11 in Axes
  4640 | Abyss:2  | Reached XP level 9. HP: 54/81 MP: 3/9
  4684 | Abyss:2  | Noticed a thrashing horror
  4696 | Abyss:2  | HP: 4/81 [thrashing horror (10)]
  4696 | Abyss:2  | HP: 1/81 [thrashing horror (3)]
  4697 | Abyss:2  | Slain by a thrashing horror

Skill      XL: |  1  2  3  4  5  6  7  8 |
---------------+-------------------------+-----
Axes           | 5 6 11 | 11.8
Fighting       | 4 5 6 7 8 |  8.0
Shields        | 2 4 |  4.2
Armour         | 3 4 |  4.1
Dodging        | |  1.5

Action                   |  1- 3 |  4- 6 |  7- 9 || total
-------------------------+-------+-------+-------++-------
Melee: Hand axe          |    82 |   117 |   155 ||   354
       War axe           |       |       |     7 ||     7
Throw: Stone             |     5 |       |       ||     5
Invok: Berserk           |     1 |     3 |     5 ||     9
       Burn Spellbooks   |       |       |     1 ||     1
  Use: Scroll            |     4 |     4 |     5 ||    13
  Eat: Chunk             |     1 |     4 |     3 ||     8
       Bread ration      |       |     1 |     2 ||     3
Armor: Animal skin       |     3 |       |       ||     3
       Ring mail         |    20 |    18 |    35 ||    73
       Leather armour    |       |     5 |    14 ||    19
Dodge: Dodged            |    39 |    54 |    82 ||   175
Block: Buckler           |       |       |    27 ||    27
